 Dungeon Crawl Stone Soup version 0.30-a0-618-gd6c86c23d0 (webtiles) character file.

Game seed: 800235550238220642

3100 zazu2006 the Magician (level 9, -4/74 HPs)
             Began as a Naga Hedge Wizard on Jan 10, 2023.
             Slain by a boulder beetle (50 damage)
             ... on level 6 of the Dungeon.
             The game lasted 00:21:12 (9367 turns).

zazu2006 the Magician (Naga Hedge Wizard)           Turns: 9367, Time: 00:21:12

Health: -4/74      AC:  5    Str: 16    XL:     9   Next: 90%
Magic:  4/19       EV: 10    Int: 19    God:
Gold:   319        SH:  0    Dex: 16    Spells: 16/22 levels left

rFire   . . .      SeeInvis +    y - +4 long sword
rCold   . . .      Faith    .    (no shield)
rNeg    . . .      Spirit   .    g - +1 leather armour of the Great Game {Dex+6}
rPois   +          Reflect  .    k - +2 helmet {Int+3}
rElec   .          Harm     .    (no cloak)
rCorr   .          Rampage  .    (no gloves)
Will    +....                    (no barding)
Stlth   +++                      (no amulet)
HPRegen 0.32/turn                o - +4 ring of slaying
MPRegen 0.16/turn                (no ring)

@: corroded, on blink cooldown, very slightly contaminated, very slow
A: AC +3, large, see invisible, deformed body, poison resistance, slowness 2,
spit poison 1, naga tail 1
a: Spit Poison


You were on level 6 of the Dungeon.
You visited 2 branches of the dungeon, and saw 8 of its levels.

You collected 319 gold pieces.

Inventory:

Hand Weapons
 s - a +1 dagger of venom
 y - a +4 long sword (weapon)
 B - a +3 dagger of electrocution
Armour
 e - a +2 robe of positive energy
 g - the +1 leather armour of the Great Game (worn) {Dex+6}
   (You took it off a kobold on level 4 of the Dungeon)

   Dex:       It affects your dexterity (+6).
 k - a +2 helmet of intelligence (worn)
 l - a +0 buckler
 z - the +2 buckler "Ekaxyk" {rElec}
   (You found it on level 6 of the Dungeon)

   rElec:     It insulates you from electricity.
Jewellery
 o - a +4 ring of slaying (left hand)
 q - a ring of ice
 w - a ring of resist corrosion
 D - a ring of resist corrosion
Wands
 m - a wand of iceblast (20)
 u - a wand of charming (7)
 A - a wand of polymorph (6)
Scrolls
 a - a scroll of enchant weapon
 c - 4 scrolls of fear
 f - 4 scrolls of vulnerability {unknown}
 h - a scroll of fog {unknown}
 i - 2 scrolls of enchant armour
 n - 6 scrolls of teleportation {unknown}
 p - a scroll of amnesia
 r - a scroll of silence
 t - a scroll of summoning
 E - a scroll of noise {unknown}
 G - a scroll of blinking {unknown}
Potions
 b - 3 potions of mutation
 d - a potion of magic
 j - 5 potions of brilliance
 v - 2 potions of curing
 x - 2 potions of ambrosia {unknown}
 C - 2 potions of flight
 F - 2 potions of berserk rage {unknown}


   Skills:
 + Level 2.4 Fighting
 + Level 4.2 Long Blades
 + Level 3.0 Armour
 + Level 3.0 Dodging
 + Level 5.2 Stealth
 * Level 3.8 Shields
 + Level 7.1 Spellcasting
 + Level 6.5 Conjurations
 + Level 1.1 Summonings
 + Level 1.0 Translocations
 + Level 1.3 Air Magic
 + Level 2.4 Poison Magic
 + Level 0.1 Evocations


You had 16 spell levels left.
You knew the following spells:

 Your Spells              Type           Power      Damage    Failure   Level
a - Magic Dart            Conj           100%       1d8       1%          1
b - Mephitic Cloud        Conj/Pois/Air  19%        N/A       9%          3
d - Blink                 Tloc           20%        N/A       12%         2

Your spell library contained the following spells:

 Spells                   Type           Power      Damage    Failure   Level
 Momentum Strike          Conj/Tloc      42%        3d9       3%          2
 Static Discharge         Conj/Air       42%        2-4/arc   3%          2
 Summon Small Mammal      Summ           40%        N/A       8%          1
 Cigotuvi's Dreadful Rot  Necr/Pois/Air  22%        N/A       11%         2
 Slow                     Hex            24%        N/A       12%         1
 Call Imp                 Summ           10%        N/A       12%         2
 Call Canine Familiar     Summ           10%        N/A       22%         3
 Lesser Beckoning         Tloc           20%        N/A       22%         3
 Vhi's Electric Charge    Tloc/Air       22%        N/A       22%         3
 Ignite Poison            Fire/Tmut/Pois 9%         N/A       26%         3
 Kindle Blastsparks       Fire/Tloc/Air  18%        2d11      26%         3
 Summon Guardian Golem    Hex/Summ       8%         N/A       28%         3
 Arcjolt                  Conj/Air       10%        1d20      54%         5
 Lightning Bolt           Conj/Air       10%        1d23      54%         5
 Freezing Cloud           Conj/Ice/Air   8%         6-21      73%         5


Dungeon Overview and Level Annotations

Branches:
Dungeon (7/15)             Temple (1/1) D:4

Altars:
Cheibriados
Dithmenos
Fedhas
Gozag
Makhleb
Nemelex Xobeh
Okawaru
Qazlal
Ru
Trog
Uskayaw
Vehumet
Wu Jian
Xom
Yredelemnul
Zin

Shops:
D:2 :   D:4 *

Annotations:
D:5 2 runed translucent doors, Crazy Yiuf; spardeous's ghost, novice FeEE
D:6 1 transporter


Innate Abilities, Weirdness & Mutations

Your serpentine skin is tough. (AC +3)
You have supernaturally acute eyesight. (SInv)
Armour fits poorly on your strangely shaped body.
Your system is resistant to poisons. (rPois)
You cover ground very slowly.
You can spit poison.
You have a snake-like lower body.


Message History

The boulder beetle appears confused.
Your vampire mosquito closely misses the acid dragon.
Unknown command.
Your vampire mosquito bites the acid dragon but does no damage.
The boulder beetle hits your vampire mosquito!!
The boulder beetle stops rolling and uncurls.
The acid dragon completely misses your vampire mosquito.
The acid dragon claws your vampire mosquito.
Your vampire mosquito bites the acid dragon!
Your vampire mosquito draws strength from the acid dragon's injuries!
You see here 11 gold pieces.
Your vampire mosquito bites the acid dragon.
Your vampire mosquito draws strength from the acid dragon's injuries!
Your vampire mosquito bites the acid dragon but does no damage.
The acid dragon barely misses your vampire mosquito.
The acid dragon claws your vampire mosquito.
Your vampire mosquito bites the acid dragon!
The acid dragon dies!
Your Armour skill increases to level 3!
The boulder beetle seems less confused.
Your vampire mosquito bites the boulder beetle but does no damage.
The boulder beetle curls into a ball and begins rolling!
Your vampire mosquito bites the boulder beetle.
Your vampire mosquito draws strength from the boulder beetle's injuries!
Your vampire mosquito bites the boulder beetle but does no damage.
You see here 11 gold pieces.
Casting: Mephitic Cloud (dangerous; 9% risk of failure)
Confirm with . or Enter, or press ? or * to list all spells.
Aiming: Mephitic Cloud (dangerous; 9% risk of failure)
Press: ? - help, Shift-Dir - straight line You miscast Mephitic Cloud.
Nothing appears to happen.
Your vampire mosquito bites the boulder beetle but does no damage.
Unknown command.
Casting: Mephitic Cloud (dangerous; 9% risk of failure)
Confirm with . or Enter, or press ? or * to list all spells.
You blink.
Your vampire mosquito bites the boulder beetle but does no damage.
The boulder beetle hits you!!!
Ouch! That really hurt!
You die...

.............#########[.[..###
.......###..##...©...##.#..#
...##### ##.#8.......8#.#..# .###
##.#$?.......#.#..# ## ..#
##..#.?.......#....# ##. ..##
#..©#_$....©..#©...####.. ...#
#...#.(..)†...#....##.... #..##
##...#§○y°.....#..........
.#..####....#8!B@....8#..........
.....##...#.##.......##..........
.........##..#########..#........
.........#.............###......)
##......##....###..#######.......
#............##..## #...#####
##............(..## ##..##
#...#............# #..##
..###...........## ##..#


You could see a boulder beetle (rolling, ally target) and a friendly vampire
mosquito (charmed).

Vanquished Creatures
  Grinder (D:4)
  Sigmund (D:2)
  An orc warrior (D:7)
  2 sky beasts (D:6)
  A black bear (D:5)
  2 ice beasts (D:7)
  2 ogres
  A centaur (D:6)
  5 phantoms
  A bullfrog (D:7)
  4 scorpions
  8 wights
  4 howler monkeys
  A jelly (D:5)
  3 hounds
  An orc priest (D:4)
  5 iguanas
  4 orc wizards
  7 adders
  3 gnolls
  A white imp (D:5)
  An ufetubus (D:7)
  2 worms
  5 dart slugs
  16 orcs
  7 endoplasms
  4 giant cockroaches
  14 goblins
  4 hobgoblins
  3 jackals (D:1)
  5 quokkas
  10 ball pythons
  5 bats
  4 frilled lizards
  5 kobolds
  4 rats
147 creatures vanquished.

Vanquished Creatures (collateral kills)
  An acid dragon (D:6)
  An orc (D:6)
2 creatures vanquished.

Grand Total: 149 creatures vanquished

Notes
Turn   | Place    | Note
-------+----------+-------------------------------------------
     0 | D:1      | zazu2006 the Naga Hedge Wizard began the quest for the Orb.
     0 | D:1      | Reached XP level 1. HP: 15/15 MP: 4/4
   322 | D:1      | Reached XP level 2. HP: 22/22 MP: 4/6
   700 | D:1      | Reached XP level 3. HP: 28/28 MP: 5/8
  1197 | D:2      | Noticed Sigmund
  1318 | D:2      | Learned a level 3 spell: Mephitic Cloud
  1321 | D:2      | Learned a level 2 spell: Blink
  1442 | D:2      | Found Ufeud's Book Boutique.
  1616 | D:2      | Reached XP level 4. HP: 23/36 MP: 1/9
  1779 | D:2      | Reached skill level 4 in Spellcasting
  1955 | D:2      | You fall into a shaft and drop 1 floor!
  2418 | D:2      | Killed Sigmund
  2419 | D:2      | Reached XP level 5. HP: 43/43 MP: 8/12
  2419 | D:2      | Reached XP level 6. HP: 50/50 MP: 8/13
  3067 | D:3      | Reached skill level 5 in Spellcasting
  3318 | D:4      | Found Koedix's Gadget Gallery.
  3365 | D:4      | Reached skill level 1 in Poison Magic
  3477 | D:4      | Reached XP level 7. HP: 56/56 MP: 1/15
  3807 | D:4      | Reached skill level 1 in Air Magic
  3892 | D:4      | Found a staircase to the Ecumenical Temple.
  3921 | D:4      | Noticed Grinder
  4003 | D:4      | Identified the +1 leather armour of the Great Game {Dex+6}
  4020 | D:4      | Killed Grinder
  4021 | D:4      | Reached skill level 1 in Fighting
  4401 | Temple   | Entered the Ecumenical Temple
  4664 | D:4      | Reached XP level 8. HP: 47/64 MP: 16/16
  4858 | D:4      | Reached skill level 6 in Spellcasting
  5085 | D:5      | Entered Level 5 of the Dungeon
  5170 | D:5      | Identified the +0 chain mail of Bedevilment {Dex+3}
  5206 | D:5      | Reached skill level 1 in Armour
  5206 | D:5      | Reached skill level 5 in Conjurations
  5290 | D:5      | Noticed spardeous's ghost (novice FeEE)
  5291 | D:5      | Found a runed translucent door.
  5336 | D:5      | Reached skill level 5 in Stealth
  5478 | D:5      | Found a runed translucent door.
  5479 | D:5      | Noticed Crazy Yiuf
  6089 | D:5      | Reached skill level 1 in Shields
  6553 | D:6      | Found a transporter.
  6554 | D:6      | Identified the +2 buckler "Ekaxyk" {rElec}
  6570 | D:6      | Noticed a boulder beetle
  6719 | D:6      | Found a transporter.
  6728 | D:6      | Found a radiant altar of Vehumet.
  6985 | D:6      | Reached XP level 9. HP: 58/73 MP: 11/18
  7140 | D:6      | Reached skill level 1 in Long Blades
  7224 | D:6      | Found a hide-covered altar of Uskayaw.
  8296 | D:7      | Reached skill level 7 in Spellcasting
  9367 | D:6      | Slain by a boulder beetle

Illustrated notes

Levels and vault maps discovered:
D:1:      minmay_arrival_radiant_lines, layout_loops_ring
D:2:      layout_rooms, serial_shops, shop, uniq_sigmund
D:3:      layout_loops_ring
D:4:      layout_basic, minmay_temple_entry_stoned_glass, nicolae_shop_gadgets,
          uniq_grinder
D:5:      layout_basic, hellmonk_ghost_happy_afterlife, uniq_crazy_yiuf_cottage
D:6:      layout_layer_cave, mainiacjoe_overflow_small_starburst,
          gammafunk_temple_overflow_arena
D:7:      layout_cave_pods
Temple:   minmay_temple_curvy_branch

Skill      XL: |  1  2  3  4  5  6  7  8  9 |
---------------+----------------------------+-----
Spellcasting   | 4 5 6 7 |  7.1
Conjurations   | 3 4 5 6 |  6.5
Dodging        | 2 3 |  3.0
Stealth        | 4 5 |  5.2
Poison Magic   | 1 2 |  2.4
Air Magic      | 1 |  1.3
Fighting       | 1 2 |  2.4
Armour         | 2 3 |  3.0
Shields        | 2 3 |  3.8
Long Blades    | 4 |  4.2
Summonings     | |  1.1
Translocations | |  1.0
Evocations     | |  0.1

Action                   |  1- 3 |  4- 6 |  7- 9 || total
-------------------------+-------+-------+-------++-------
Melee: Dagger            |    16 |    24 |    79 ||   119
       Punch             |     1 |       |     3 ||     4
       Long sword        |       |       |    70 ||    70
 Cast: Magic Dart        |    98 |    84 |   184 ||   366
       Mephitic Cloud    |       |     7 |    13 ||    20
       Blink             |       |       |     2 ||     2
 Abil: Spit Poison       |    22 |    13 |    17 ||    52
Evoke: Wand              |       |       |     4 ||     4
  Use: Potion            |       |     1 |     2 ||     3
       Scroll            |       |       |    12 ||    12
 Stab: Confused          |       |       |     4 ||     4
Armor: Robe              |    12 |    10 |    15 ||    37
       Skin              |       |     3 |       ||     3
       Leather armour    |       |       |    49 ||    49
Dodge: Dodged            |    29 |    29 |   114 ||   172

Table legend: (Time is in decaauts)
 A = Elapsed time spent in this place.
 B = Non-inter-level travel time spent in this place.
 C = Inter-level travel time spent in this place.
 D = Time resting spent in this place.
 E = Time spent auto-exploring this place.
 F = Levels seen in this place.
 G = Mean time per level.
                   A        B        C        D        E       F      G
               +--------+--------+--------+--------+--------+-----+--------+
         Total |  11444 |  11197 |    247 |    623 |   9053 |   8 | 1430.5 |
       Dungeon |  11103 |  10862 |    241 |    623 |   8719 |   7 | 1586.1 |
        Temple |    341 |    335 |      6 |      0 |    334 |   1 |  341.0 |
               +--------+--------+--------+--------+--------+-----+--------+

Top non-repeatable levels by time:
     D:6: 2038 daAuts
     D:7: 1860 daAuts
     D:1: 1564 daAuts
     D:4: 1543 daAuts
     D:3: 1459 daAuts
     D:5: 1459 daAuts
     D:2: 1177 daAuts
  Temple: 341 daAuts
